 Dungeon Crawl Stone Soup version 0.29.1-1-gd02db6906a (webtiles) character file.

Game seed: 1932430276495982821

1648 ImASeal the Poker (level 8, 0/79 HPs)
             Began as a Troll Berserker on Oct 4, 2022.
             Was a High Priest of Trog.
             Slain by a hornet (11 damage)
             ... on level 7 of the Dungeon.
             The game lasted 00:15:17 (5610 turns).

ImASeal the Poker (Troll Berserker)                 Turns: 5610, Time: 00:15:17

Health: 0/79       AC:  4    Str: 28    XL:     8   Next: 67%
Magic:  7/7        EV: 13    Int:  3    God:    Trog [*****.]
Gold:   223        SH:  7    Dex:  9    Spells: 7/7 levels left

rFire   + . .      SeeInvis .   a - +0 spear
rCold   . . .      Faith    .   A - +0 kite shield
rNeg    . . .      Spirit   .   t - +0 robe
rPois   .          Reflect  .   (helmet restricted)
rElec   .          Harm     .   (no cloak)
rCorr   .          Rampage  .   (gloves unavailable)
Will    +....                   (boots unavailable)
Stlth   +.........              d - amulet of regeneration
HPRegen 1.83/turn               e - +4 ring of evasion
MPRegen 0.10/turn               n - ring of willpower

@: lethally poisoned (0 -> -1), slowed, very slow
A: large, unfitting armour, claws 3, regeneration 1, shaggy fur 1, tough skin 1,
fire resistance 1, MP-powered wands
a: Renounce Religion, Berserk, Trog's Hand, Brothers in Arms


You were on level 7 of the Dungeon.
You worshipped Trog.
Trog was extremely pleased with you.
You visited 2 branches of the dungeon, and saw 8 of its levels.
You also visited: Ossuary.

You collected 398 gold pieces.
You spent 175 gold pieces at shops.

Inventory:

Hand Weapons
 a - a +0 spear (weapon)
Missiles
 b - 18 stones (quivered)
 s - 10 poisoned darts
Armour
 t - a +0 robe (worn)
 A - a +0 kite shield (worn)
Jewellery
 d - an amulet of regeneration (around neck)
 e - a +4 ring of evasion (left claw)
 n - a ring of willpower (right claw)
 x - a ring of ice
 B - a ring of fire
 J - a ring of resist corrosion
Wands
 w - a wand of flame (6)
Scrolls
 c - 6 scrolls of teleportation {unknown}
 f - 8 scrolls of identify {unknown}
 h - a scroll of fear {unknown}
 j - a scroll of noise {unknown}
 l - 2 scrolls of enchant armour {unknown}
 o - a scroll of enchant weapon {unknown}
 u - a scroll of brand weapon {unknown}
 v - a scroll of summoning {unknown}
 y - a scroll of amnesia {unknown}
 E - a scroll of poison {unknown}
 H - a scroll of immolation {unknown}
 I - 2 scrolls of fog {unknown}
 L - a scroll of magic mapping {unknown}
Potions
 g - 3 potions of heal wounds
 i - a potion of haste {unknown}
 k - a potion of brilliance {unknown}
 m - 2 potions of lignification {unknown}
 p - 3 potions of flight {unknown}
 q - 3 potions of degeneration {unknown}
 r - 3 potions of cancellation {unknown}
 z - a potion of might
 C - 2 potions of ambrosia {unknown}
 D - a potion of invisibility {unknown}
 F - a potion of attraction {unknown}
 G - 7 potions of curing {unknown}
 K - a potion of berserk rage {unknown}


   Skills:
 + Level 4.6 Fighting
 + Level 6.4 Polearms
 + Level 1.3 Throwing
 + Level 5.5 Dodging
 + Level 2.5 Shields


You had 7 spell levels left.
You didn't know any spells.
Your spell library was empty.

Dungeon Overview and Level Annotations

Branches:
Dungeon (7/15)             Temple (1/1) D:5         Ossuary (visited)

Altars:
Ashenzari
Cheibriados
Dithmenos
Elyvilon
Fedhas
Hepliaklqana
Kikubaaqudgha
Makhleb
Nemelex Xobeh
Okawaru
Qazlal
Ru
Trog
Uskayaw
Vehumet
Wu Jian
Yredelemnul
Zin
The Shining One

Shops:
D:4 *


Innate Abilities, Weirdness & Mutations

You are too large for most types of armour.
You have claws for hands.
Your natural rate of healing is unusually fast.
You are covered in fur. (AC +1)
You have tough skin. (AC +1)
Your flesh is heat resistant. (rF+)
You expend magic power (3 MP) to strengthen your wands.


Message History

You throw a stone.
The stone hits the hornet but does no damage.
The hornet is lightly wounded.
You hit the hornet but do no damage.
The hornet is lightly wounded.
The hornet barely misses you.
You closely miss the hornet.
The hornet is lightly wounded.
The hornet stings you but does no damage.
The hornet stings you!
You feel yourself slow down.
You barely miss the hornet. The hornet barely misses you.
The hornet closely misses you.
You closely miss the hornet. The hornet stings you.
You are poisoned.
You feel as though you will be slow longer.
The hornet stings you.
You feel as though you will be slow longer.
You hit the hornet.
The hornet is lightly wounded.
You feel very sick. The hornet stings you!
You feel as though you will be slow longer.
You block the hornet's attack.
You miss the hornet.
The hornet is lightly wounded.
You feel sick. The hornet stings you!
You are more poisoned.
You feel as though you will be slow longer.
The hornet stings you!
You are more poisoned.
You feel as though you will be slow longer.
You feel extremely sick. The hornet stings you!
* * * LOW HITPOINT WARNING * * *
You feel as though you will be slow longer.
The hornet closely misses you. The hornet attacks as you move away!
The hornet barely misses you.
You feel very sick. The hornet stings you!
You die...

### >.. #.#
#.# #.# . #@#
...####y#
#......######
...###.......#
#.......#
###.......#
#.........#
#.#.......#
#.#..<....#


You could see a hornet.

Vanquished Creatures
  A water moccasin (D:5)
  2 black bears
  3 ogres
  A phantom (D:4)
  3 centaurs
  An elf zombie (Ossuary)
  A scorpion (D:5)
  2 hounds (D:6)
  2 jellies
  4 orc priests
  An iguana (D:6)
  An orc wizard (D:6)
  Ijyb (D:4)
  3 mummies (Ossuary)
  6 adders
  6 gnolls (D:3)
  2 shadow imps (D:6)
  2 adder zombies (Ossuary)
  2 worms
  14 orcs
  8 bats
  13 endoplasms
  2 giant cockroaches
  27 goblins
  33 hobgoblins
  3 jackals (D:1)
  4 quokkas
  6 ball pythons
  A frilled lizard (D:3)
  5 goblin zombies (Ossuary)
  3 hobgoblin zombies (Ossuary)
  11 kobolds
  3 kobold zombies (Ossuary)
  3 quokka zombies (Ossuary)
  3 rats
  A rat zombie (Ossuary)
184 creatures vanquished.

Notes
Turn   | Place    | Note
-------+----------+-------------------------------------------
     0 | D:1      | ImASeal the Troll Berserker began the quest for the Orb.
     0 | D:1      | Reached XP level 1. HP: 22/22 MP: 0/0
    92 | D:1      | Reached XP level 2. HP: 29/29 MP: 1/1
   293 | D:1      | Reached ** piety under Trog
   381 | D:1      | Reached XP level 3. HP: 22/36 MP: 2/2
  1562 | D:3      | Found a broken altar of Ashenzari.
  1612 | D:3      | Reached skill level 3 in Polearms
  1692 | D:3      | Noticed a black bear
  1706 | D:3      | Killed a black bear
  1707 | D:3      | Reached XP level 4. HP: 7/45 MP: 3/3
  1707 | D:3      | Reached XP level 5. HP: 8/53 MP: 4/4
  2139 | D:3      | Reached *** piety under Trog
  2143 | D:3      | Reached skill level 1 in Throwing
  2228 | D:3      | Reached skill level 4 in Polearms
  2257 | D:3      | Reached XP level 6. HP: 60/61 MP: 5/5
  2280 | D:3      | Gained mutation: Your spells are a little easier to cast,
                  | but a little less powerful. [potion of mutation]
  2280 | D:3      | Gained mutation: Armour fits poorly on your strangely
                  | shaped body. [potion of mutation]
  2280 | D:3      | Gained mutation: Your magical capacity is low. (-10% MP)
                  | [potion of mutation]
  2280 | D:3      | Gained mutation: You are agile. (Dex +4, Str/Int -1)
                  | [potion of mutation]
  2299 | D:3      | HP: 2/61 [gnoll/+0 halberd (10)]
  2485 | D:3      | Reached **** piety under Trog
  2819 | D:3      | Lost mutation: Your magical capacity is low. (-10% MP)
                  | [potion of mutation]
  2819 | D:3      | Lost mutation: Armour fits poorly on your strangely shaped
                  | body. [potion of mutation]
  2819 | D:3      | Gained mutation: You are weak. (Str -2) [potion of
                  | mutation]
  2819 | D:3      | Gained mutation: You expend magic power (3 MP) to
                  | strengthen your wands. [potion of mutation]
  2819 | D:3      | Gained mutation: You have sharp toenails. [potion of
                  | mutation]
  2820 | D:3      | Lost mutation: You have sharp toenails. [potion of
                  | mutation]
  2820 | D:3      | Lost mutation: You are agile. (Dex +4, Str/Int -1) [potion
                  | of mutation]
  2820 | D:3      | Lost mutation: You are weak. (Str -2) [potion of mutation]
  2820 | D:3      | Lost mutation: Your spells are a little easier to cast, but
                  | a little less powerful. [potion of mutation]
  2820 | D:3      | Gained mutation: Your flesh is heat resistant. (rF+)
                  | [potion of mutation]
  2858 | D:4      | Found a large runed translucent door.
  2859 | D:4      | Found a large runed translucent door.
  3384 | D:4      | Noticed Ijyb
  3399 | D:4      | Killed Ijyb
  3400 | D:4      | Reached XP level 7. HP: 68/68 MP: 6/6
  3517 | D:4      | Found a stormy altar of Qazlal.
  3545 | D:4      | Found Acsuotan's General Store.
  3553 | D:4      | Bought a potion of might for 52 gold pieces
  3553 | D:4      | Bought a potion of heal wounds for 65 gold pieces
  3553 | D:4      | Bought a +0 kite shield for 58 gold pieces
  3708 | D:4      | Found a blossoming altar of Fedhas.
  3723 | D:4      | Found a radiant altar of Vehumet.
  4067 | D:5      | Entered Level 5 of the Dungeon
  4070 | D:5      | Found a sand-covered staircase.
  4085 | Ossuary  | Entered an ossuary
  4097 | Ossuary  | Reached skill level 5 in Polearms
  4442 | D:5      | Reached ***** piety under Trog
  4443 | D:5      | Reached skill level 1 in Shields
  4748 | D:5      | Found a staircase to the Ecumenical Temple.
  4758 | Temple   | Entered the Ecumenical Temple
  4869 | D:5      | Found a sacrificial altar of Ru.
  4939 | D:6      | Reached XP level 8. HP: 78/78 MP: 7/7
  4982 | D:6      | Reached skill level 5 in Dodging
  5001 | D:6      | Reached skill level 6 in Polearms
  5600 | D:7      | Noticed a hornet
  5610 | D:7      | Slain by a hornet

Illustrated notes

Levels and vault maps discovered:
D:1:      spicycebolla_arrival_xxxplode, layout_loops_ring,
          minmay_misc_feat_rows
D:2:      layout_basic
D:3:      minmay_goblin_kobold_castle, layout_basic,
          cheibrodos_ashenzari_chains, minmay_misc_feat_enclosed
D:4:      layout_basic, mainiacjoe_overflow_boulevard, jmf_multi_god_temple2,
          serial_shops, nicolae_shop_hallway_stairs, uniq_ijyb
D:5:      layout_rooms, kennysheep_little_box, lemuel_temple_firewalk_b,
          nicolae_ossuary_entry_ruins
D:6:      layout_basic
D:7:      layout_loops_cross, minmay_statues_item
Temple:   jpeg_temple_clearing

Skill      XL: |  1  2  3  4  5  6  7  8 |
---------------+-------------------------+-----
Polearms       | 3 4 5 6 |  6.4
Fighting       | 3 4 |  4.6
Dodging        | 3 4 5 |  5.5
Throwing       | 1 |  1.3
Shields        | 1 2 |  2.5

Action                   |  1- 3 |  4- 6 |  7- 9 || total
-------------------------+-------+-------+-------++-------
Melee: Spear             |   153 |   382 |   408 ||   943
       Punch             |     1 |     3 |       ||     4
Throw: Stone             |    12 |    18 |     8 ||    38
       Dart              |       |     4 |       ||     4
  Use: Potion            |       |     3 |       ||     3
 Stab: Sleeping          |     2 |     1 |       ||     3
Armor: Animal skin       |    35 |    36 |       ||    71
       Robe              |       |     1 |    78 ||    79
Dodge: Dodged            |    95 |   282 |   232 ||   609
Block: Kite shield       |       |       |   119 ||   119
